Match 30996973
Unlisted

Match 30996973
End
250 Light Carrier
Panzergrenadier Squad
250 Light Carrier
Construct Light Support Kompanie
Assault Grenadier Squad
MG34 Team
Combat Half-tracks
Fire Support Elements
2.5-tonne Medical Truck
Flakvierling Half-track
Advanced Field Repairs
le.IG 18 Support Gun Team
le.IG 18 Support Gun Team
Pak 38 Mechanized Group
Vehicle Survival Package
Construct Panzerarmee Kommand
Selects Armored Support Battlegroup
Selects Salvage Kits
Selects Panzer Storm
Selects Stuka Dive Bomb
Panzer III L Medium Tank
Rapid Advance
Panzer III L Medium Tank
Emergency Repair Kits
Tungsten Core Ammunition
Selects Veteran Gunners
Selects Flammpanzer III Medium Tank
Stuka Dive Bomb
Stuka Dive Bomb
Selects Command Panzer IV F Medium Tank
Command Panzer IV F Medium Tank
Armored Reserves
Panzerpioneer Squad
Stuka Dive Bomb
Louliou
joseballen
MOT
Nukepapa
Derek Doon
天璇
0
0

Comments sign in to comment!

No comments posted yet!